 Dungeon Crawl Stone Soup version 0.23.2-1-ga50397a (webtiles) character file.

Game seed: 13283885177210880189

3306 aefrtyi the Magician (level 9, -13/75 HPs)
             Began as a White Draconian Air Elementalist on May 31, 2019.
             Was a Priest of Dithmenos.
             Mangled by Harold
             ... wielding a +0 mace of holy wrath
              (15 damage)
             ... while paralysed by Harold
             ... on level 8 of the Dungeon on June 1, 2019.
             The game lasted 00:43:20 (10235 turns).

aefrtyi the Magician (DrAE)                        Turns: 10235, Time: 00:43:21

Health: -13/75     AC:  8    Str: 15    XL:     9   Next: 70%
Magic:  19/19      EV:  2    Int: 22    God:    Dithmenos [***...]
Gold:   400        SH:  0    Dex: 12    Spells: 16/22 levels left

rFire    . . .     SeeInvis .   w - +8 long sword of Inuh {holy, Str+5 Int+3 Dex-2}
rCold    + . .     Gourm    .   (no shield)
rNeg     . . .     Faith    .   (armour unavailable)
rPois    .         Spirit   .   (helmet restricted)
rElec    .         Reflect  .   (no cloak)
rCorr    .         Harm     .   u - +0 pair of gloves
MR       .....                  (no boots)
Stlth    +++.......             (no amulet)
HPRegen  0.22/turn              i - +2 ring of dexterity
MPRegen  0.16/turn              q - ring of flight

@: paralysed, marked, wreathed by umbra
A: breathe frost, unfitting armour, cold resistance 1, cold-blooded, AC +7
a: Breathe Frost, Shadow Step, Renounce Religion, Evoke Flight


You were on level 8 of the Dungeon.
You worshipped Dithmenos.
Dithmenos was most pleased with you.
You were hungry.

You visited 2 branches of the dungeon, and saw 9 of its levels.

You collected 400 gold pieces.

Inventory:

Hand Weapons
 n - a +2 vampiric spear
 w - the +8 long sword of Inuh (weapon) {holy, Str+5 Int+3 Dex-2}
   (You found it on level 4 of the Dungeon)

   It has been blessed by the Shining One to cause great damage to the undead
   and demons.
   It affects your strength (+5).
   It affects your intelligence (+3).
   It affects your dexterity (-2).
Armour
 u - a +0 pair of gloves (worn)
Jewellery
 a - an uncursed ring of fire
 i - a +2 ring of dexterity (left hand)
 q - a ring of flight (right hand)
 y - an uncursed ring of ice
 B - a +3 ring of intelligence {unknown}
Wands
 x - a wand of iceblast (6)
 C - a wand of flame (16)
 D - a wand of paralysis (5)
 H - a wand of clouds (4)
Scrolls
 e - 8 scrolls of identify {unknown}
 f - 3 scrolls of fear {unknown}
 h - a scroll of fog {unknown}
 j - 5 scrolls of remove curse {unknown}
 l - 4 scrolls of teleportation {unknown}
 r - 2 scrolls of amnesia {unknown}
 z - 3 scrolls of blinking {unknown}
 E - a scroll of enchant armour {unknown}
 F - a scroll of enchant weapon {unknown}
 G - a scroll of magic mapping {unknown}
Potions
 c - 5 potions of agility {unknown}
 g - a potion of might {unknown}
 k - 2 potions of lignification {unknown}
 m - 3 potions of heal wounds {unknown}
 o - 2 potions of cancellation {unknown}
 p - 2 potions of flight {unknown}
 s - 4 potions of curing {unknown}
 t - 2 potions of resistance {unknown}
 v - a potion of degeneration {unknown}
 A - a potion of invisibility {unknown}
Comestibles
 b - 9 rations


   Skills:
 + Level 6.0 Fighting
 * Level 4.2 Long Blades
 + Level 2.1 Dodging
 + Level 4.2 Stealth
 - Level 7.0 Spellcasting
 - Level 5.6 Conjurations
 - Level 6.5 Air Magic


You had 16 spell levels left.
You knew the following spells:

 Your Spells              Type           Power        Failure   Level  Hunger
a - Shock                 Conj/Air       ####         1%          1    None
b - Swiftness             Chrm/Air       ###.....     3%          2    None
c - Static Discharge      Conj/Air       ####....     1%          3    None

Your spell library contained the following spells:

 Spells                   Type           Power        Failure   Level  Hunger
 Airstrike                Air            #####.....   5%          4    ###....
 Lightning Bolt           Conj/Air       ####......   19%         5    #####..


Dungeon Overview and Level Annotations

Branches:
Dungeon (8/15)             Temple (1/1) D:4
   Lair: D:8-11

Altars:
Ashenzari
Cheibriados
Dithmenos
Elyvilon
Fedhas
Gozag
Hepliaklqana
Kikubaaqudgha
Makhleb
Okawaru
Qazlal
Ru
Sif Muna
Trog
Uskayaw
Vehumet
Wu Jian
Xom
Yredelemnul
The Shining One

Annotations:
D:8 Harold


Innate Abilities, Weirdness & Mutations

You can breathe waves of freezing cold.
You can buffet flying creatures when you breathe cold.
Your icy white scales are hard. (AC +7)
You cannot fit into any form of body armour.
Your flesh is cold resistant. (rC+)
You are cold-blooded and may be slowed by cold attacks.


Message History

You slash Harold! You tail-slap Harold.
Harold is moderately wounded.
Harold hits you with a +0 mace of holy wrath!
* * * LOW HITPOINT WARNING * * *
You closely miss Harold.
Your tail-slap misses Harold.
Harold is moderately wounded.
The shadow imp sputters.
Harold gestures at you while chanting. A sentinel's mark forms upon you.
You slash Harold!
Harold is heavily wounded.
Harold says happily, "The price on your head will fill my nest egg nicely!"
Harold zaps a wand.
You suddenly lose the ability to move!
The now-empty wand crumbles to dust.
Harold hits you with a +0 mace of holy wrath.
* * * LOW HITPOINT WARNING * * *
Harold hits you with a +0 mace of holy wrath!
* * * LOW HITPOINT WARNING * * *
Harold hits you with a +0 mace of holy wrath!
You die...

#..............
#.#........#####
#..........#
####.......###
##.#.......
#.........
#.#.###### #.#.#
#@#.## #.@5.#
###..# #..# #..#
...# ##.# )# ..


You could see Harold and a shadow imp.

Vanquished Creatures
  A hippogriff (D:7)
  A spriggan (D:7)
  Menkaure (D:6)
  An orc warrior (D:6)
  A black bear (D:7)
  An eye of draining (D:8)
  3 ogres
  Purgy (D:4)
  A centaur (D:7)
  4 bullfrogs
  2 scorpions
  5 howler monkeys
  4 bullfrog zombies
  2 crimson imps
  A jelly (D:7)
  7 orc priests
  4 hounds
  11 orc wizards
  A bullfrog skeleton (D:5)
  Natasha (thrice) (D:2)
  A centaur skeleton (D:5)
  Ijyb (D:4)
  4 iguanas
  6 worker ants
  A hound zombie (D:5)
  A mummy (D:5)
  3 worker ant zombies
  4 gnolls (D:5)
  11 adders
  2 shadow imps
  An ooze (D:1)
  3 adder zombies
  3 worms
  3 dart slugs
  5 leopard geckos
  25 orcs
  A ball python (D:1)
  7 bats
  11 giant cockroaches
  4 goblins
  3 hobgoblins
  7 jackals
  2 kobolds
  3 quokkas
  4 frilled lizards
  A goblin zombie (D:5)
  A kobold zombie (D:5)
  2 quokka skeletons
  2 rats
  12 plants (D:2)
189 creatures vanquished.

Notes
Turn   | Place    | Note
-------+----------+-------------------------------------------
     0 | D:1      | aefrtyi the Draconian Air Elementalist began the quest for
                  | the Orb.
     0 | D:1      | Reached XP level 1. HP: 14/14 MP: 3/3
   257 | D:1      | Reached XP level 2. HP: 20/20 MP: 0/5
  1033 | D:2      | Reached XP level 3. HP: 27/27 MP: 2/6
  1034 | D:2      | Found a shattered altar of Ashenzari.
  1452 | D:2      | Reached skill level 1 in Fighting
  1616 | D:2      | Learned a level 2 spell: Swiftness
  1620 | D:2      | Learned a level 3 spell: Static Discharge
  1632 | D:2      | Noticed Natasha
  1641 | D:2      | Killed Natasha
  1641 | D:2      | Reached XP level 4. HP: 35/35 MP: 1/8
  1781 | D:2      | Noticed a bullfrog
  1811 | D:2      | Killed a bullfrog
  1811 | D:2      | Reached skill level 3 in Spellcasting
  1811 | D:2      | Reached XP level 5. HP: 34/41 MP: 0/9
  2269 | D:2      | Noticed Natasha
  2277 | D:2      | Killed Natasha
  2335 | D:2      | Noticed Natasha
  2343 | D:2      | Killed Natasha
  3070 | D:3      | Reached XP level 6. HP: 48/48 MP: 5/11
  3565 | D:3      | Found a faded altar of an unknown god.
  3579 | D:3      | Became a worshipper of Dithmenos the Shadowed
  3579 | D:3      | Reached * piety under Dithmenos
  3857 | D:3      | Reached skill level 4 in Spellcasting
  4274 | D:4      | Got an ichor-stained long sword
  4275 | D:4      | Identified the +8 long sword of Inuh {holy, Str+5 Int+3
                  | Dex-2} (You found it on level 4 of the Dungeon)
  4292 | D:4      | Found a staircase to the Ecumenical Temple.
  4301 | Temple   | Entered the Ecumenical Temple
  4716 | D:4      | Noticed Ijyb
  4730 | D:4      | Killed Ijyb
  4798 | D:4      | Your scales start taking on an icy white colour.
  4798 | D:4      | Reached XP level 7. HP: 31/56 MP: 5/13
  4798 | D:4      | Gained mutation: Your flesh is cold resistant. (rC+) [White
                  | Draconian growth]
  5147 | D:4      | Noticed Purgy
  5154 | D:4      | Killed Purgy
  5510 | D:5      | Entered Level 5 of the Dungeon
  5927 | D:5      | Reached ** piety under Dithmenos
  5927 | D:5      | Reached skill level 5 in Spellcasting
  5958 | D:5      | Found a shadowy altar of Dithmenos.
  5970 | D:5      | Reached skill level 5 in Air Magic
  5983 | D:5      | Reached XP level 8. HP: 64/66 MP: 8/15
  6300 | D:5      | Found a hide-covered altar of Uskayaw.
  7142 | D:6      | Found a hazy altar of Hepliaklqana.
  7159 | D:6      | Found a blossoming altar of Fedhas.
  7290 | D:6      | Reached skill level 6 in Spellcasting
  7841 | D:6      | Noticed Menkaure
  7846 | D:6      | Killed Menkaure
  8021 | D:7      | Reached skill level 5 in Fighting
  8066 | D:7      | Noticed a hippogriff
  8073 | D:7      | Reached XP level 9. HP: 71/74 MP: 9/19
  8078 | D:7      | Reached *** piety under Dithmenos
  8078 | D:7      | Reached skill level 1 in Long Blades
  8078 | D:7      | Reached skill level 5 in Conjurations
  8343 | D:7      | Found an ancient bone altar of Kikubaaqudgha.
  8596 | D:7      | Reached skill level 7 in Spellcasting
  9806 | D:8      | Noticed Harold
  9811 | D:8      | Paralysed by Harold for 2 turns
  9814 | D:8      | Paralysed by Harold for 7 turns
 10222 | D:8      | Paralysed by Harold for 6 turns
 10232 | D:8      | Paralysed by Harold for 5 turns
 10234 | D:8      | HP: 2/75 [Harold/+0 mace of holy wrath (9)]
 10235 | D:8      | Mangled by Harold

Skill      XL: |  1  2  3  4  5  6  7  8  9 |
---------------+----------------------------+-----
Stealth        | 2 3 4 |  4.2
Fighting       | 1 2 3 5 6 |  6.0
Spellcasting   | 3 4 5 6 7 |  7.0
Conjurations   | 2 3 4 5 |  5.6
Air Magic      | 4 5 6 |  6.5
Long Blades    | 4 |  4.2
Dodging        | 2 |  2.1

Action                   |  1- 3 |  4- 6 |  7- 9 || total
-------------------------+-------+-------+-------++-------
Melee: Unarmed           |     3 |       |       ||     3
       Short sword       |    17 |   154 |       ||   171
       Tailslap          |       |    36 |    26 ||    62
       Long sword        |       |    16 |   146 ||   162
 Cast: Shock             |    59 |   108 |   182 ||   349
       Static Discharge  |       |     3 |    10 ||    13
       Swiftness         |       |       |     1 ||     1
 Abil: Breathe Frost     |       |       |     1 ||     1
       Stop Flying       |       |       |     1 ||     1
       Evoke Flight      |       |       |     1 ||     1
 Stab: Sleeping          |       |       |     4 ||     4
  Eat: Chunk             |     3 |     7 |    17 ||    27
       Ration            |       |     1 |       ||     1
Armor: Skin              |     9 |     7 |    62 ||    78
Dodge: Dodged            |    20 |    35 |   137 ||   192
       Rpst.: Long sword |       |     4 |    31 ||    35
